MLB
KANSAS CITY ROYALS @ HOUSTON ASTROS
06/24/2018
 
TOP OF THE 1ST
Kansas City Royals batting - Pitching for Houston Astros : RHP Daniel Mengden
Pitching: RHP Daniel Mengden
Batting: LHB Raimel Tapia 0-0: Ball
1-0: Ball
2-0: Foul Ball, location: 2F
2-1: Ball
3-1: Base on Balls
Batting: SHB Melky Cabrera 0-0: Called Strike
0-1: Swinging Strike
0-2: Foul Ball, location: 2F
0-2: Ball
1-2: Strikes out swinging
Batting: LHB Joe Mauer 0-0: Ball
1-0: Foul Ball, location: 2F
1-1: Swinging Strike
1-2: Ball
2-2: Ball
3-2: Foul Ball, location: 2F
3-2: Ground out 4-3 (Groundball, 4S)
Raimel Tapia to second
Batting: LHB Lonnie Chisenhall 0-0: Ball
1-0: Ball
2-0: Called Strike
2-1: Fly out, F8 (Flyball, 8RM)
Top of the 1st over - 0 runs, 0 hits, 0 errors, 1 left on base; Kansas City 0 - Houston 0
BOTTOM OF THE 1ST
Houston Astros batting - Pitching for Kansas City Royals : LHP Danny Duffy
Pitching: LHP Danny Duffy
Batting: RHB Josh Harrison 0-0: Foul Ball, location: 2F
0-1: Ball
1-1: Ball
2-1: Ball
3-1: Base on Balls
Batting: LHB Rougned Odor 0-0: Ball
1-0: Ball
2-0: Called Strike
2-1: Called Strike
2-2: Reached on error, E1 (Groundball, 25)
Josh Harrison to second
Batting: RHB Xander Bogaerts 0-0: Called Strike
0-1: SINGLE (Flyball, 78S)
Josh Harrison to third
Rougned Odor to second
Batting: RHB Trey Mancini 0-0: Ball
1-0: Ball
2-0: Ball
3-0: Called Strike
3-1: Foul Ball, location: 2F
3-2: Base on Balls
Josh Harrison scores
Rougned Odor to third
Xander Bogaerts to second
Batting: LHB Dominic Smith 0-0: Grounds into double play, 4-6-3 (Groundball, 34)
Rougned Odor scores
Xander Bogaerts to third
Batting: LHB Gregory Polanco 0-0: Called Strike
0-1: Foul Ball, location: 2F
0-2: Ball
1-2: Fly out, F2 (Popup, 2LF)
Bottom of the 1st over - 2 runs, 1 hit, 1 error, 1 left on base; Kansas City 0 - Houston 2
TOP OF THE 2ND
Kansas City Royals batting - Pitching for Houston Astros : RHP Daniel Mengden
Batting: LHB Luis Valbuena 0-0: Ball
1-0: Ball
2-0: Ball
3-0: Called Strike
3-1: Swinging Strike
3-2: Strikes out looking
Batting: RHB Dansby Swanson 0-0: Called Strike
0-1: Ball
1-1: Fly out, F8 (Flyball, 8LM)
Batting: LHB Jesse Winker 0-0: Ball
1-0: Foul Ball, location: 2F
1-1: Ball
2-1: SINGLE (Groundball, 4S) (infield hit)
Batting: SHB Jurickson Profar 0-0: Ball
1-0: Ball
2-0: Called Strike
2-1: Foul Ball, location: 2F
2-2: Ground out U3 (Groundball, 3)
Top of the 2nd over - 0 runs, 1 hit, 0 errors, 1 left on base; Kansas City 0 - Houston 2
BOTTOM OF THE 2ND
Houston Astros batting - Pitching for Kansas City Royals : LHP Danny Duffy
Batting: RHB Welington Castillo 0-0: Swinging Strike
0-1: Ball
1-1: Ball
2-1: Swinging Strike
2-2: Strikes out swinging
Batting: LHB Colin Moran 0-0: Called Strike
0-1: Fly out, F8 (Flyball, 8RS)
Batting: RHB Teoscar Hernandez 0-0: Ball
1-0: Ball
2-0: Fly out, F4 (Popup, 34S)
Bottom of the 2nd over - 0 runs, 0 hits, 0 errors, 0 left on base; Kansas City 0 - Houston 2
TOP OF THE 3RD
Kansas City Royals batting - Pitching for Houston Astros : RHP Daniel Mengden
Batting: RHB Kevin Plawecki 0-0: Ball
1-0: Swinging Strike
1-1: Fly out, F8 (Line Drive, 8LM)
Batting: LHB Raimel Tapia 0-0: Ground out 3-1 (Groundball, 34)
Batting: SHB Melky Cabrera 0-0: Ball
1-0: Ball
2-0: Swinging Strike
2-1: Ground out 6-3 (Groundball, 6)
Top of the 3rd over - 0 runs, 0 hits, 0 errors, 0 left on base; Kansas City 0 - Houston 2
BOTTOM OF THE 3RD
Houston Astros batting - Pitching for Kansas City Royals : LHP Danny Duffy
Batting: RHB Josh Harrison 0-0: Ball
1-0: Ball
2-0: Bunt for hit to 15 - play at first, batter OUT! 1-3
Batting: LHB Rougned Odor 0-0: Ball
1-0: Ball
2-0: Ball
3-0: Base on Balls
Batting: RHB Xander Bogaerts 0-0: Ball
1-0: Called Strike
1-1: Called Strike
1-2: Ball
2-2: Fly out, F4 (Popup, 34D)
Batting: RHB Trey Mancini 0-0: Foul Ball, location: 2F
0-1: Called Strike
0-2: Strikes out swinging
Bottom of the 3rd over - 0 runs, 0 hits, 0 errors, 1 left on base; Kansas City 0 - Houston 2
TOP OF THE 4TH
Kansas City Royals batting - Pitching for Houston Astros : RHP Daniel Mengden
Batting: LHB Joe Mauer 0-0: Fly out, F7 (Line Drive, 7)
Batting: LHB Lonnie Chisenhall 0-0: Ball
1-0: Ball
2-0: Called Strike
2-1: SINGLE (Line Drive, 6D)
Batting: LHB Luis Valbuena 0-0: Ball
1-0: Called Strike
1-1: Foul Ball, location: 2F
1-2: Ball
2-2: Ball
3-2: Foul Ball, location: 2F
3-2: SINGLE (Line Drive, 8RS)
Lonnie Chisenhall to second
Runner from 2nd tries for 3rd, SAFE, no throw by CF
Batting: RHB Dansby Swanson 0-0: Ball
1-0: Ball
2-0: Ball
3-0: Called Strike
3-1: Fly out, F8 (Flyball, 8LS)
Batting: LHB Jesse Winker 0-0: Ball
1-0: Ball
2-0: Called Strike
2-1: Ball
3-1: Foul Ball, location: 2F
3-2: Strikes out swinging
Top of the 4th over - 0 runs, 2 hits, 0 errors, 2 left on base; Kansas City 0 - Houston 2
BOTTOM OF THE 4TH
Houston Astros batting - Pitching for Kansas City Royals : LHP Danny Duffy
Batting: LHB Dominic Smith 0-0: Called Strike
0-1: Foul Ball, location: 2F
0-2: Foul Ball, location: 2F
0-2: Ball
1-2: Ball
2-2: Ball
3-2: Foul Ball, location: 2F
3-2: Foul Ball, location: 2F
3-2: SINGLE (Line Drive, 7S)
Batting: LHB Gregory Polanco 0-0: SINGLE (Groundball, 56D)
Dominic Smith to second
Batting: RHB Welington Castillo 0-0: Called Strike
0-1: Called Strike
0-2: Ball
1-2: Foul Ball, location: 2F
1-2: Ball
2-2: Ball
3-2: Base on Balls
Dominic Smith to third
Gregory Polanco to second
Batting: LHB Colin Moran 0-0: Ball
1-0: Fly out, F9 (Flyball, 9D)
Runner from 3rd tags up, SCORES, no throw by RF
Gregory Polanco to third
Batting: RHB Teoscar Hernandez 0-0: Called Strike
0-1: Swinging Strike
0-2: Fly out, F9 (Flyball, 89D)
Runner from 3rd tags up, SCORES, throw by RF
Batting: RHB Josh Harrison 0-0: 2-RUN HOME RUN (Flyball, 7LD), Distance : 337 ft
Batting: LHB Rougned Odor 0-0: Ball
1-0: Foul Ball, location: 2F
1-1: Foul Ball, location: 2F
1-2: Foul Ball, location: 2F
1-2: Strikes out swinging
Bottom of the 4th over - 4 runs, 3 hits, 0 errors, 0 left on base; Kansas City 0 - Houston 6
TOP OF THE 5TH
Kansas City Royals batting - Pitching for Houston Astros : RHP Daniel Mengden
Batting: SHB Jurickson Profar 0-0: Ball
1-0: Foul Ball, location: 2F
1-1: Swinging Strike
1-2: Ball
2-2: SINGLE (Groundball, 4MD)
Batting: RHB Kevin Plawecki 0-0: Ball
1-0: Ball
2-0: Ball
3-0: Called Strike
3-1: SINGLE (Groundball, 56D)
Jurickson Profar to second
Batting: LHB Raimel Tapia 0-0: Ball
1-0: Swinging Strike
1-1: SINGLE (Groundball, 4MD)
Jurickson Profar to third
Kevin Plawecki to second
Runner from 3rd tries for Home, SAFE, no throw by CF
Pitching: RHP Jose A. Ramirez
Batting: SHB Melky Cabrera 0-0: Ball
1-0: Ball
2-0: DOUBLE (Line Drive, 7LM)
Kevin Plawecki scores
Raimel Tapia to third
Runner from 3rd tries for Home, throw by LF and OUT! 7-6-2
Batting: LHB Joe Mauer 0-0: Called Strike
0-1: Ball
1-1: Foul Ball, location: 2F
1-2: Ball
2-2: Foul Ball, location: 2F
2-2: Strikes out swinging
Batting: LHB Lonnie Chisenhall 0-0: Ball
1-0: Fly out, F4 (Flyball, 34D)
Top of the 5th over - 2 runs, 4 hits, 0 errors, 1 left on base; Kansas City 2 - Houston 6
BOTTOM OF THE 5TH
Houston Astros batting - Pitching for Kansas City Royals : LHP Danny Duffy
Batting: RHB Xander Bogaerts 0-0: Ball
1-0: DOUBLE (Line Drive, 78XD)
Batting: RHB Trey Mancini 0-0: Swinging Strike
0-1: Foul Ball, location: 2F
0-2: Ball
1-2: 2-RUN HOME RUN (Flyball, 7LD), Distance : 336 ft
Batting: LHB Dominic Smith 0-0: Called Strike
0-1: Called Strike
0-2: Hit by Pitch
Batting: LHB Gregory Polanco 0-0: Called Strike
0-1: Called Strike
0-2: Ball
1-2: Ball
2-2: Fly out, F8 (Line Drive, 8LD)
Batting: RHB Welington Castillo 0-0: Ball
1-0: Ball
2-0: Called Strike
2-1: Ball
3-1: Foul Ball, location: 2F
3-2: Fielders Choice at 2nd, 3-6 (Groundball, 34)
Batting: LHB Colin Moran 0-0: Ball
1-0: Fly out, F7 (Flyball, 78D)
Bottom of the 5th over - 2 runs, 2 hits, 0 errors, 1 left on base; Kansas City 2 - Houston 8
TOP OF THE 6TH
Kansas City Royals batting - Pitching for Houston Astros : RHP Jose A. Ramirez
Batting: LHB Luis Valbuena 0-0: SINGLE (Line Drive, 9S)
Batting: RHB Dansby Swanson 0-0: Swinging Strike
0-1: Swinging Strike
0-2: Ball
1-2: Foul Ball, location: 2F
1-2: Foul Ball, location: 2F
1-2: Strikes out swinging
Batting: LHB Jesse Winker 0-0: Foul Ball, location: 2F
0-1: Called Strike
0-2: Strikes out swinging
Batting: SHB Jurickson Profar 0-0: Ball
1-0: SINGLE (Flyball, 9S)
Luis Valbuena to second
Runner from 2nd tries for 3rd, SAFE, throw by RF made to third
Batting: RHB Kevin Plawecki 0-0: Called Strike
0-1: Ball
1-1: Ball
2-1: Foul Ball, location: 2F
2-2: Strikes out swinging
Top of the 6th over - 0 runs, 2 hits, 0 errors, 2 left on base; Kansas City 2 - Houston 8
BOTTOM OF THE 6TH
Houston Astros batting - Pitching for Kansas City Royals : LHP Danny Duffy
Pitching: RHP Paul Clemens
Batting: RHB Teoscar Hernandez 0-0: Ball
1-0: Foul Ball, location: 2F
1-1: Ball
2-1: SINGLE (Flyball, 78M)
Batting: RHB Josh Harrison 0-0: Foul Ball, location: 2F
0-1: Foul Ball, location: 2F
0-2: Ball
1-2: Ball
2-2: Ball
3-2: Foul Ball, location: 2F
3-2: Fly out, F7 (Flyball, 7D)
Batting: LHB Rougned Odor 0-0: Ball
1-0: Foul Ball, location: 2F
1-1: Ball
2-1: Swinging Strike
2-2: Foul Ball, location: 2F
2-2: SINGLE (Flyball, 89M)
Teoscar Hernandez to second
Batting: RHB Xander Bogaerts 0-0: Ball
1-0: SINGLE (Line Drive, 7S)
Teoscar Hernandez to third
Rougned Odor to second
Runner from 3rd tries for Home, SAFE, throw by LF to home
Batting: RHB Trey Mancini 0-0: Ball
1-0: Called Strike
Rougned Odor steals 3rd base
1-1: Called Strike
1-2: Ball
2-2: Ball
3-2: Foul Ball, location: 2F
3-2: Foul Ball, location: 2F
3-2: Foul Ball, location: 2F
3-2: Base on Balls
Xander Bogaerts to second
Pitching: RHP Phil Hughes
Batting: LHB Dominic Smith 0-0: Ball
1-0: Ball
2-0: Grounds into double play, 4-6-3 (Groundball, 34)
Bottom of the 6th over - 1 run, 3 hits, 0 errors, 2 left on base; Kansas City 2 - Houston 9
TOP OF THE 7TH
Kansas City Royals batting - Pitching for Houston Astros : RHP Jose A. Ramirez
Batting: LHB Raimel Tapia 0-0: Ball
1-0: Ground out 4-3 (Groundball, 4)
Batting: SHB Melky Cabrera 0-0: Ball
1-0: Ball
2-0: SINGLE (Line Drive, 5D)
Batting: LHB Joe Mauer 0-0: Ball
1-0: Called Strike
1-1: Ball
2-1: SINGLE (Groundball, 6D)
Melky Cabrera to second
Pitching: RHP Paul Sewald
Batting: LHB Lonnie Chisenhall 0-0: Ball
1-0: Ball
2-0: Called Strike
2-1: DOUBLE (Line Drive, 9LD)
Melky Cabrera scores
Joe Mauer to third
Batting: LHB Luis Valbuena 0-0: Called Strike
0-1: Called Strike
0-2: Foul Ball, location: 2F
0-2: Ball
1-2: Foul Ball, location: 2F
1-2: Strikes out swinging, 2-3 out at first.
Batting: RHB Dansby Swanson 0-0: Called Strike
0-1: Fly out, F8 (Line Drive, 8LD)
Top of the 7th over - 1 run, 3 hits, 0 errors, 2 left on base; Kansas City 3 - Houston 9
BOTTOM OF THE 7TH
Houston Astros batting - Pitching for Kansas City Royals : RHP Phil Hughes
Batting: LHB Gregory Polanco 0-0: Ball
1-0: Foul Ball, location: 2F
1-1: Ball
2-1: Fly out, F7 (Flyball, 7D)
Batting: RHB Welington Castillo 0-0: Called Strike
0-1: Ball
1-1: Swinging Strike
1-2: Foul Ball, location: 2F
1-2: Ball
2-2: Foul Ball, location: 2F
2-2: SINGLE (Groundball, 6MD)
Batting: LHB Colin Moran 0-0: Fly out, F6 (Popup, 6)
Batting: RHB Teoscar Hernandez 0-0: Ground out 1-3 (Groundball, 13S)
Bottom of the 7th over - 0 runs, 1 hit, 0 errors, 1 left on base; Kansas City 3 - Houston 9
TOP OF THE 8TH
Kansas City Royals batting - Pitching for Houston Astros : RHP Paul Sewald
Batting: LHB Jesse Winker 0-0: Ground out 6-3 (Groundball, 6)
Batting: SHB Jurickson Profar 0-0: Foul Ball, location: 2F
0-1: Called Strike
0-2: Ball
1-2: Ground out U3 (Groundball, 3L)
Batting: RHB Kevin Plawecki 0-0: Called Strike
0-1: Ball
1-1: Ball
2-1: Ball
3-1: Called Strike
3-2: Base on Balls
Batting: LHB Raimel Tapia 0-0: Ball
1-0: Ball
2-0: Called Strike
2-1: Fly out, F7 (Flyball, 7LDF)
Top of the 8th over - 0 runs, 0 hits, 0 errors, 1 left on base; Kansas City 3 - Houston 9
BOTTOM OF THE 8TH
Houston Astros batting - Pitching for Kansas City Royals : RHP Phil Hughes
Batting: RHB Josh Harrison 0-0: Ball
1-0: DOUBLE (Line Drive, 7LM)
Batting: LHB Rougned Odor 0-0: Ball
1-0: Ground out 6-3 (Groundball, 6)
Batting: RHB Xander Bogaerts 0-0: Called Strike
0-1: Ball
1-1: Ball
2-1: Ground out 6-3 (Groundball, 6)
Batting: RHB Trey Mancini 0-0: Ball
1-0: Ball
2-0: Ball
3-0: Called Strike
3-1: Ground out 1-3 (Groundball, P)
Bottom of the 8th over - 0 runs, 1 hit, 0 errors, 1 left on base; Kansas City 3 - Houston 9
TOP OF THE 9TH
Kansas City Royals batting - Pitching for Houston Astros : RHP Paul Sewald
Now in LF: Brock Holt
Batting: SHB Melky Cabrera 0-0: Ball
1-0: Swinging Strike
1-1: Called Strike
1-2: Fly out, F7 (Flyball, 78D)
Batting: LHB Joe Mauer 0-0: Called Strike
0-1: Ball
1-1: Foul Ball, location: 2F
1-2: Ball
2-2: Ground out 4-3 (Groundball, 4)
Batting: LHB Lonnie Chisenhall 0-0: Called Strike
0-1: Ball
1-1: TRIPLE (Flyball, 89XD)
Batting: LHB Luis Valbuena 0-0: Called Strike
0-1: Swinging Strike
0-2: Ball
1-2: Ball
2-2: Foul Ball, location: 2F
2-2: Ball
3-2: Foul Ball, location: 2F
3-2: SINGLE (Groundball, 6D)
Lonnie Chisenhall scores
Pitching: RHP Dovydas Neverauskas
Batting: RHB Dansby Swanson 0-0: Foul Ball, location: 2F
0-1: Fielders Choice at 2nd, 5-4 (Groundball, 56)
Top of the 9th over - 1 run, 2 hits, 0 errors, 1 left on base; Kansas City 4 - Houston 9
Wednesday, August 29th, 2018 - OOTP Baseball 19.8 Build 79